3L
PITTSBURGH KINGFISHERS @ TOLEDO STINGERS
09/17/2041
 
TOP OF THE 1ST
Pittsburgh Kingfishers batting - Pitching for Toledo Stingers : LHP Craig Fitzgerald
Pitching: LHP Craig Fitzgerald
Batting: RHB Loring Rommel 0-0: Called Strike
0-1: Ball
1-1: Ball
2-1: SINGLE (Line Drive, 9S, EV 106.9 MPH)
Batting: LHB Bill Dixon 0-0: Foul Ball, location: 2F
0-1: Swinging Strike
0-2: Fielders Choice at 2nd, 4-6 (Groundball, 4, EV 91.2 MPH)
Batting: RHB Krystof Melichar 0-0: Grounds into double play, 6-4-3 (Groundball, 6, EV 106.9 MPH)
Top of the 1st over - 0 runs, 1 hit, 0 errors, 0 left on base; Pittsburgh 0 - Toledo 0
BOTTOM OF THE 1ST
Toledo Stingers batting - Pitching for Pittsburgh Kingfishers : RHP Jared LaBarge
Pitching: RHP Jared LaBarge
Batting: RHB Brook Linen 0-0: Ball
1-0: Ball
2-0: Ball
3-0: Called Strike
3-1: Base on Balls
Batting: LHB Matt Dunlap 0-0: Foul Ball, location: 2F
0-1: Ball
Wild Pitch!
Brook Linen to second
1-1: Foul Ball, location: 2F
1-2: Ball
2-2: 2-RUN HOME RUN (Flyball, 9D, EV 107.5 MPH), Distance : 389 ft
Batting: LHB Pedro Serano 0-0: Called Strike
0-1: Ball
1-1: Called Strike
1-2: Ball
2-2: Ball
3-2: Foul Ball, location: 2F
3-2: Foul Ball, location: 2F
3-2: Foul Ball, location: 2F
3-2: Strikes out swinging
Batting: LHB Lester Threlfall 0-0: Foul Ball, location: 2F
0-1: Swinging Strike
0-2: Ball
1-2: Ball
2-2: Ground out 4-3 (Groundball, 4M, EV 79.4 MPH)
Batting: SHB Adam Clements 0-0: Called Strike
0-1: SINGLE (Line Drive, 3L, EV 102.5 MPH)
Batting: RHB David Alcabú 0-0: Called Strike
0-1: Ball
Adam Clements is caught stealing 2nd base 2-4
Bottom of the 1st over - 2 runs, 2 hits, 0 errors, 0 left on base; Pittsburgh 0 - Toledo 2
TOP OF THE 2ND
Pittsburgh Kingfishers batting - Pitching for Toledo Stingers : LHP Craig Fitzgerald
Batting: SHB Yeow-whye Zhu 0-0: Called Strike
0-1: Foul Ball, location: 2F
0-2: Ball
1-2: Ball
2-2: Foul Ball, location: 2F
2-2: Foul Ball, location: 2F
2-2: Foul Ball, location: 2F
2-2: Strikes out swinging
Batting: LHB Naganori Inoue 0-0: Called Strike
0-1: SINGLE (Line Drive, 4MD, EV 98.8 MPH)
Batting: RHB Adam Smith 0-0: SINGLE (Line Drive, 56D, EV 96.9 MPH)
Naganori Inoue to second
Batting: RHB Junior Young 0-0: SINGLE (Line Drive, 6MD, EV 94.4 MPH)
Naganori Inoue to third
Adam Smith to second
Runner from 3rd tries for Home, SAFE, no throw by CF
Batting: LHB Royce Foster 0-0: SINGLE (Line Drive, 8RS, EV 105.0 MPH)
Adam Smith to third
Junior Young to second
Batting: SHB Gerrie Bond 0-0: Called Strike
0-1: Ball
1-1: Grounds into double play, U5-3 (Groundball, 5L, EV 83.1 MPH)
Top of the 2nd over - 1 run, 4 hits, 0 errors, 2 left on base; Pittsburgh 1 - Toledo 2
BOTTOM OF THE 2ND
Toledo Stingers batting - Pitching for Pittsburgh Kingfishers : RHP Jared LaBarge
Batting: RHB David Alcabú 0-0: Called Strike
0-1: Called Strike
0-2: Strikes out swinging
Batting: LHB Grover Barbaran 0-0: SINGLE (Groundball, 6MD, EV 95.6 MPH)
Batting: RHB Alfredo Martínez 0-0: Ball
1-0: Ball
2-0: Called Strike
2-1: Foul Ball, location: 2F
2-2: Ball
3-2: Foul Ball, location: 2F
3-2: Fly out, F5 (Line Drive, 5, EV 71.2 MPH)
Batting: RHB Anselmo Berneu 0-0: Called Strike
0-1: Ball
1-1: Swinging Strike
1-2: Strikes out swinging
Bottom of the 2nd over - 0 runs, 1 hit, 0 errors, 1 left on base; Pittsburgh 1 - Toledo 2
TOP OF THE 3RD
Pittsburgh Kingfishers batting - Pitching for Toledo Stingers : LHP Craig Fitzgerald
Batting: RHB Loring Rommel 0-0: Ball
1-0: SINGLE (Line Drive, 34, EV 95.0 MPH)
Batting: LHB Bill Dixon 0-0: Ball
Wild Pitch!
Loring Rommel to second
1-0: Ball
2-0: Ball
3-0: Called Strike
3-1: Swinging Strike
3-2: Foul Ball, location: 2F
3-2: Strikes out swinging
Batting: RHB Krystof Melichar 0-0: Called Strike
0-1: Fly out, F7 (Flyball, 7LMF, EV 88.1 MPH)
Batting: SHB Yeow-whye Zhu 0-0: Ball
1-0: Foul Ball, location: 2F
1-1: Foul Ball, location: 2F
1-2: Ball
2-2: Foul Ball, location: 2F
2-2: Strikes out swinging, 2-3 out at first.
Top of the 3rd over - 0 runs, 1 hit, 0 errors, 1 left on base; Pittsburgh 1 - Toledo 2
BOTTOM OF THE 3RD
Toledo Stingers batting - Pitching for Pittsburgh Kingfishers : RHP Jared LaBarge
Batting: RHB Brook Linen 0-0: SINGLE (Groundball, 4D, EV 101.2 MPH)
Batting: LHB Matt Dunlap 0-0: Called Strike
Brook Linen steals 2nd base
0-1: Ball
1-1: Ball
2-1: Foul Ball, location: 2F
2-2: Ground out 4-3 (Groundball, 34D, EV 101.2 MPH)
Brook Linen to third
Batting: LHB Pedro Serano 0-0: Foul Ball, location: 2F
0-1: Fly out, F9 (Flyball, 89M, EV 95.6 MPH)
Runner from 3rd tags up, OUT at HOME! 9-2
Bottom of the 3rd over - 0 runs, 1 hit, 0 errors, 0 left on base; Pittsburgh 1 - Toledo 2
TOP OF THE 4TH
Pittsburgh Kingfishers batting - Pitching for Toledo Stingers : LHP Craig Fitzgerald
Batting: LHB Naganori Inoue 0-0: Foul Ball, location: 2F
0-1: Ground out 3-1 (Groundball, 34S, EV 67.5 MPH)
Batting: RHB Adam Smith 0-0: Ball
1-0: Swinging Strike
1-1: Ball
2-1: Ground out 5-3 (Groundball, 56, EV 107.5 MPH)
Batting: RHB Junior Young 0-0: Ball
1-0: Ball
2-0: Called Strike
2-1: Swinging Strike
2-2: Strikes out looking
Top of the 4th over - 0 runs, 0 hits, 0 errors, 0 left on base; Pittsburgh 1 - Toledo 2
BOTTOM OF THE 4TH
Toledo Stingers batting - Pitching for Pittsburgh Kingfishers : RHP Jared LaBarge
Batting: LHB Lester Threlfall 0-0: Foul Ball, location: 2F
0-1: Swinging Strike
0-2: Ball
1-2: SINGLE (Groundball, 56D, EV 106.2 MPH)
Batting: SHB Adam Clements 0-0: Ball
1-0: Ground out 4-3 (Groundball, 4S, EV 86.2 MPH)
Lester Threlfall to second
Batting: RHB David Alcabú 0-0: Ground out U3 (Groundball, 3L, EV 91.9 MPH)
Lester Threlfall to third
Batting: LHB Grover Barbaran 0-0: Foul Ball, location: 2F
0-1: Foul Ball, location: 2F
0-2: SINGLE (Groundball, 34S, EV 68.1 MPH) (infield hit)
Lester Threlfall scores
Batting: RHB Alfredo Martínez 0-0: Ball
1-0: Called Strike
1-1: Ball
2-1: Ball
3-1: Fly out, F6 (Line Drive, 6, EV 67.5 MPH)
Bottom of the 4th over - 1 run, 2 hits, 0 errors, 1 left on base; Pittsburgh 1 - Toledo 3
TOP OF THE 5TH
Pittsburgh Kingfishers batting - Pitching for Toledo Stingers : LHP Craig Fitzgerald
Batting: LHB Royce Foster 0-0: Ball
1-0: Called Strike
1-1: Foul Ball, location: 2F
1-2: Foul Ball, location: 2F
1-2: Ball
2-2: Ball
3-2: DOUBLE (Groundball, 3L, EV 103.1 MPH)
Batting: SHB Gerrie Bond 0-0: Called Strike
0-1: Called Strike
Royce Foster is caught stealing 3rd base 2-5
0-2: Ground out 5-3 (Groundball, 56, EV 85.0 MPH)
Batting: RHB Loring Rommel 0-0: Called Strike
0-1: Ball
1-1: Swinging Strike
1-2: Strikes out swinging
Top of the 5th over - 0 runs, 1 hit, 0 errors, 0 left on base; Pittsburgh 1 - Toledo 3
BOTTOM OF THE 5TH
Toledo Stingers batting - Pitching for Pittsburgh Kingfishers : RHP Jared LaBarge
Batting: RHB Anselmo Berneu 0-0: Called Strike
0-1: Ball
1-1: Called Strike
1-2: Ground out 4-3 (Groundball, 4, EV 87.5 MPH)
Batting: RHB Brook Linen 0-0: Ground out 5-3 (Groundball, 5, EV 84.4 MPH)
Batting: LHB Matt Dunlap 0-0: Ground out 6-3 (Groundball, 6, EV 88.1 MPH)
Bottom of the 5th over - 0 runs, 0 hits, 0 errors, 0 left on base; Pittsburgh 1 - Toledo 3
TOP OF THE 6TH
Pittsburgh Kingfishers batting - Pitching for Toledo Stingers : LHP Craig Fitzgerald
Batting: LHB Bill Dixon 0-0: DOUBLE (Groundball, 3L, EV 104.4 MPH)
Pinch Runner at 2nd Hong-bo Zhui:
Batting: RHB Krystof Melichar 0-0: Ball
1-0: SINGLE (Groundball, 6MD, EV 94.4 MPH)
Hong-bo Zhui to third
Batting: SHB Yeow-whye Zhu 0-0: Foul Ball, location: 2F
0-1: Ball
1-1: Ball
2-1: Foul Ball, location: 2F
2-2: Ball
3-2: Base on Balls
Krystof Melichar to second
Batting: LHB Naganori Inoue 0-0: Ball
1-0: Foul Ball, location: 2F
1-1: Ball
2-1: SINGLE (Line Drive, 6, EV 67.5 MPH) (infield hit)
Hong-bo Zhui scores
Krystof Melichar to third
Yeow-whye Zhu to second
Batting: RHB Adam Smith 0-0: Called Strike
0-1: Ball
1-1: Foul Ball, location: 2F
1-2: Strikes out swinging
Batting: RHB Junior Young 0-0: SINGLE (Groundball, 6M, EV 97.5 MPH) (infield hit)
Krystof Melichar scores
Yeow-whye Zhu to third
Naganori Inoue to second
Batting: LHB Royce Foster 0-0: Called Strike
0-1: Ball
1-1: Ball
2-1: Swinging Strike
2-2: Ball
3-2: Base on Balls
Yeow-whye Zhu scores
Naganori Inoue to third
Junior Young to second
Batting: SHB Gerrie Bond 0-0: Ball
1-0: SINGLE (Line Drive, 7S, EV 96.2 MPH)
Naganori Inoue scores
Junior Young to third
Royce Foster to second
Runner from 3rd tries for Home, SAFE, no throw by LF
Pitching: RHP Taalay Ibragimov
Batting: RHB Loring Rommel 0-0: Grounds into double play, 4-6-3 (Groundball, 4, EV 80.6 MPH)
Top of the 6th over - 5 runs, 5 hits, 0 errors, 1 left on base; Pittsburgh 6 - Toledo 3
BOTTOM OF THE 6TH
Toledo Stingers batting - Pitching for Pittsburgh Kingfishers : RHP Jared LaBarge
Now at 3B: Hong-bo Zhui
Batting: LHB Pedro Serano 0-0: Fly out, F8 (Flyball, 8RS, EV 94.4 MPH)
Batting: LHB Lester Threlfall 0-0: Ball
1-0: Ball
2-0: Called Strike
2-1: Foul Ball, location: 2F
2-2: Ball
3-2: Base on Balls
Batting: SHB Adam Clements 0-0: Ball
1-0: Ground out 6-3 (Groundball, 6, EV 97.5 MPH)
Lester Threlfall to second
Batting: RHB David Alcabú 0-0: Ball
1-0: Ball
2-0: Called Strike
2-1: Foul Ball, location: 2F
2-2: Foul Ball, location: 2F
2-2: Ball
3-2: Strikes out swinging, 2-3 out at first.
Bottom of the 6th over - 0 runs, 0 hits, 0 errors, 1 left on base; Pittsburgh 6 - Toledo 3
TOP OF THE 7TH
Pittsburgh Kingfishers batting - Pitching for Toledo Stingers : RHP Taalay Ibragimov
Batting: SHB Hong-bo Zhui 0-0: Foul Ball, location: 2F
0-1: Ball
1-1: Swinging Strike
1-2: Ball
2-2: Strikes out looking
Batting: RHB Krystof Melichar 0-0: Ball
1-0: Foul Ball, location: 2F
1-1: Ground out 5-3 (Groundball, 56, EV 100.0 MPH)
Batting: SHB Yeow-whye Zhu 0-0: Ball
1-0: Ball
2-0: Called Strike
2-1: SINGLE (Flyball, 7LS, EV 89.4 MPH)
Batting: LHB Naganori Inoue 0-0: Ball
1-0: Fielders Choice at 2nd, 5-4 (Groundball, 5L, EV 100.0 MPH)
Top of the 7th over - 0 runs, 1 hit, 0 errors, 1 left on base; Pittsburgh 6 - Toledo 3
BOTTOM OF THE 7TH
Toledo Stingers batting - Pitching for Pittsburgh Kingfishers : RHP Jared LaBarge
Batting: LHB Grover Barbaran 0-0: Ball
1-0: Ground out 6-3 (Groundball, 6, EV 92.5 MPH)
Pitching: RHP Pierre Delecto
Batting: RHB Alfredo Martínez 0-0: Called Strike
0-1: SINGLE (Groundball, 6MD, EV 100.6 MPH)
Batting: RHB Anselmo Berneu 0-0: Ball
1-0: Ball
2-0: Fly out, F8 (Flyball, 8LM, EV 91.2 MPH)
Batting: RHB Brook Linen 0-0: Called Strike
0-1: Ground out U3 (Groundball, 3, EV 101.2 MPH)
Bottom of the 7th over - 0 runs, 1 hit, 0 errors, 1 left on base; Pittsburgh 6 - Toledo 3
TOP OF THE 8TH
Pittsburgh Kingfishers batting - Pitching for Toledo Stingers : RHP Taalay Ibragimov
Batting: RHB Adam Smith 0-0: Called Strike
0-1: Called Strike
0-2: SINGLE (Line Drive, 34, EV 106.2 MPH)
Batting: RHB Junior Young 0-0: Ball
1-0: Fly out, F8 (Line Drive, 8LM, EV 91.9 MPH)
Batting: LHB Royce Foster 0-0: Called Strike
0-1: Swinging Strike
0-2: Strikes out looking
Batting: SHB Gerrie Bond 0-0: DOUBLE (Flyball, 78D, EV 95.6 MPH)
Adam Smith to third
Batting: RHB Loring Rommel 0-0: Called Strike
0-1: Swinging Strike
0-2: Ball
1-2: Foul Ball, location: 2F
1-2: Ball
2-2: Strikes out swinging
Top of the 8th over - 0 runs, 2 hits, 0 errors, 2 left on base; Pittsburgh 6 - Toledo 3
BOTTOM OF THE 8TH
Toledo Stingers batting - Pitching for Pittsburgh Kingfishers : RHP Pierre Delecto
Batting: LHB Matt Dunlap 0-0: Called Strike
0-1: Ball
1-1: Fly out, F9 (Flyball, 9S, EV 83.8 MPH)
Batting: LHB Pedro Serano 0-0: Called Strike
0-1: Foul Ball, location: 2F
0-2: Ground out 6-3 (Groundball, 6, EV 101.9 MPH)
Batting: LHB Lester Threlfall 0-0: Called Strike
0-1: Called Strike
0-2: Ball
1-2: SINGLE (Line Drive, 7S, EV 95.0 MPH)
Batting: SHB Adam Clements 0-0: Ball
1-0: Ground out 4-3 (Groundball, 4, EV 93.8 MPH)
Bottom of the 8th over - 0 runs, 1 hit, 0 errors, 1 left on base; Pittsburgh 6 - Toledo 3
TOP OF THE 9TH
Pittsburgh Kingfishers batting - Pitching for Toledo Stingers : RHP Taalay Ibragimov
Batting: SHB Hong-bo Zhui 0-0: Foul Ball, location: 2F
0-1: Ball
1-1: Foul Ball, location: 2F
1-2: Ball
2-2: Ball
3-2: Base on Balls
Pitching: RHP Jasper Jordan
Batting: RHB Krystof Melichar 0-0: Called Strike
0-1: Called Strike
0-2: Strikes out swinging
Batting: SHB Yeow-whye Zhu 0-0: Ball
1-0: Grounds into double play, 4-6-3 (Groundball, 34, EV 88.8 MPH)
Top of the 9th over - 0 runs, 0 hits, 0 errors, 0 left on base; Pittsburgh 6 - Toledo 3
BOTTOM OF THE 9TH
Toledo Stingers batting - Pitching for Pittsburgh Kingfishers : RHP Pierre Delecto
Pitching: RHP Roy Lowe
Batting: RHB David Alcabú 0-0: Called Strike
0-1: Ball
1-1: Ground out 6-3 (Groundball, 56, EV 97.5 MPH)
Batting: LHB Grover Barbaran 0-0: Ball
1-0: Foul Ball, location: 2F
1-1: Called Strike
1-2: Ground out 6-3 (Groundball, 6D, EV 76.2 MPH)
Batting: RHB Alfredo Martínez 0-0: Foul Ball, location: 2F
0-1: Foul Ball, location: 2F
0-2: Ball
1-2: Foul Ball, location: 2F
1-2: Fly out, F7 (Flyball, 78M, EV 91.9 MPH)
Bottom of the 9th over - 0 runs, 0 hits, 0 errors, 0 left on base; Pittsburgh 6 - Toledo 3
Tuesday, January 5th, 2021 - OOTP Baseball 20.8 Build 74